cohdb
Replays
Latest Replays
All Replays
Popular Replays
Top Player Replays
Match Explorer
How It Works
Community
CoH3 Stats
Reddit
Sign in to upload your games and track your stats! →
Sign in with Steam
Match 31202498
Unlisted
Match 31202498
Overview
Messages
Build Orders
End
Construct Infanterie Kompanie
Selects Breakthrough Battlegroup
Selects Assault Grenadiers
Grenadier Squad
MG 42 Machine Gun Team
GrW 34 Mortar Team
Grenadier Squad
Construct Panzergrenadier Kompanie
Medical Station
Panzergrenadier Squad
Panzergrenadier Squad
Support Elements
MG 42 Machine Gun Team
Nebelwerfer 42 Rocket Launcher Team
Selects Rapid Production
Selects Blitzkrieg
RevolT | Odessa
Darth Revan
LEViaN
Korto
Derek Doon
Vlambulance-YouTube
0
0
Comments
sign in to comment!
No comments posted yet!